 Dungeon Crawl Stone Soup version 0.20.1-1-g8b1a95d (webtiles) character file.

5306 homeworkjunkie the Cleaver (level 10, -14/88 HPs)
             Began as a Hill Orc Fighter on Nov 22, 2017.
             Was an Elder of Okawaru.
             Demolished by a death yak (16 damage)
             ... on level 8 of the Dungeon.
             The game lasted 00:08:27 (6100 turns).

homeworkjunkie the Cleaver (Hill Orc Fighter)       Turns: 6100, Time: 00:08:28

Health: -14/88     AC: 16    Str: 21    XL:     10   Next: 64%
Magic:  13/13      EV:  7    Int:  8    God:    Okawaru [****..]
Gold:   385        SH:  0    Dex: 12    Spells: 9/9 levels left

rFire    . . .     SeeInvis .   s - +2 battleaxe (freeze)
rCold    . . .     Gourm    .   (shield currently unavailable)
rNeg     . . .     Faith    .   e - +0 plate armour
rPois    .         Spirit   .   j - +0 helmet
rElec    .         Reflect  .   (no cloak)
rCorr    .         Harm     .   (no gloves)
MR       .....                  t - +0 pair of boots
Stlth    ..........             (no amulet)
Regen    0.3/turn               (no ring)
MPRegen  0.2/turn               (no ring)

@: no status effects
A: no striking features
a: Heroism, Renounce Religion


You were on level 8 of the Dungeon.
You worshipped Okawaru.
Okawaru was greatly pleased with you.
You were not hungry.

You visited 2 branches of the dungeon, and saw 9 of its levels.

You collected 385 gold pieces.

Inventory:

Hand Weapons
 a - a +0 war axe
 s - a +2 battleaxe of freezing (weapon)
Armour
 c - a +0 shield
 e - a +0 plate armour (worn)
 j - a +0 helmet (worn)
 t - a +0 pair of boots (worn)
Wands
 k - a wand of acid (6/15)
 o - a wand of lightning (7/15)
 p - a wand of clouds (1/9)
Scrolls
 g - a scroll of remove curse
 h - 3 scrolls of identify
 l - 2 scrolls of recharging
 r - a scroll of fear
Potions
 m - 2 potions of brilliance {unknown}
 n - a potion of resistance
 q - a potion of mutation
 u - a potion of haste {unknown}
Comestibles
 b - 2 meat rations


   Skills:
 * Level 7.9 Fighting
 * Level 12.7 Axes
 * Level 7.9 Armour
 + Level 0.7 Dodging
 + Level 0.1 Stealth
 * Level 7.9 Shields
 * Level 4.4 Evocations


You had 9 spell levels left.
You didn't know any spells.

Dungeon Overview and Level Annotations

Branches:
Dungeon (8/15)             Temple (1/1) D:6            Lair (0/6) D:8

Altars:
Ashenzari
Elyvilon
Gozag
Hepliaklqana
Kikubaaqudgha
Nemelex Xobeh
Okawaru
Ru
Uskayaw
Vehumet
Xom
The Shining One

Shops:
D:4 (   D:5 :


Message History

The death yak is no longer covered in acid.
The death yak gores you but does no damage.
You slash the death yak! You freeze the death yak.
The death yak is severely wounded.
The death yak gores you but does no damage.
Your plate armour prevents you from hitting the death yak.
The death yak is severely wounded.
The death yak gores you!!
* * * LOW HITPOINT WARNING * * *
You slice the death yak!! You freeze the death yak!
You kill the death yak!
Okawaru is honoured by your kill.
You slash the death yak! You freeze the death yak!
The death yak is heavily wounded.
The death yak gores you!!
* * * LOW HITPOINT WARNING * * *
You slash the death yak! You freeze the death yak.
The death yak is severely wounded.
The death yak gores you!
You die...

.# ......# .
..#.....#......... ..
.#.....+...>..... ...
......#.........
....#.....#.........
.....YY.. #.........
..>.......# #.........
...........###.........
............Y@.).......
...#......####.........
#.........####.........
.......................
.........###.##.........
...........#'##.........
...#####.#..............
.........#..............
......รท..#..............


You could see a death yak.

Vanquished Creatures
  4 death yaks (D:8)
  The ghost of vuolankoinen the Covert, a novice OpAs of Uskayaw (D:8)
  Prince Ribbit (D:6)
  2 hippogriffs
  3 ice beasts
  The ghost of homeworkjunkie the Skirmisher, an amateur HOFi (D:3)
  A phantom (D:8)
  An ogre (D:8)
  A centaur (D:6)
  2 bullfrogs (D:6)
  A scorpion (D:3)
  An oklob sapling (D:6)
  5 wights (D:6)
  5 crimson imps
  A howler monkey (D:5)
  2 jellies (D:6)
  2 hounds
  A gnoll shaman (D:6)
  An iguana (D:5)
  A worker ant (D:6)
  11 adders
  4 gnolls
  An ooze (D:3)
  2 worms
  3 dart slugs
  3 leopard geckos
  13 orcs
  2 giant cockroaches (D:2)
  6 goblins
  3 hobgoblins
  12 jackals
  5 quokkas
  8 bats
  2 frilled lizards
  4 kobolds
  A leopard gecko skeleton (D:5)
  A leopard gecko zombie (D:5)
  A quokka skeleton (D:5)
  2 quokka zombies
  10 rats
  2 plants (D:6)
133 creatures vanquished.

Notes
Turn   | Place    | Note
-------+----------+-------------------------------------------
     0 | D:1      | homeworkjunkie the Hill Orc Fighter began the quest for the Orb.
     0 | D:1      | Reached XP level 1. HP: 19/19 MP: 1/1
   226 | D:2      | Reached XP level 2. HP: 27/27 MP: 2/2
   358 | D:2      | Reached skill level 3 in Axes
   554 | D:2      | Reached XP level 3. HP: 33/33 MP: 3/3
   596 | D:3      | Noticed homeworkjunkie's ghost (amateur HOFi)
   981 | D:3      | Reached XP level 4. HP: 37/41 MP: 4/4
  1046 | D:2      | Found an ancient bone altar of Kikubaaqudgha.
  1863 | D:3      | Reached skill level 4 in Axes
  1863 | D:3      | Reached XP level 5. HP: 25/47 MP: 5/5
  2315 | D:3      | Killed homeworkjunkie's ghost
  2315 | D:3      | Reached skill level 5 in Axes
  2315 | D:3      | Reached XP level 6. HP: 22/53 MP: 6/6
  2797 | D:5      | Entered Level 5 of the Dungeon
  2810 | D:4      | Found Duuwuocw's Weapon Boutique.
  2840 | D:4      | Found an opulent altar of Gozag.
  2853 | D:4      | Reached skill level 5 in Fighting
  3028 | D:5      | Reached skill level 5 in Shields
  3067 | D:5      | Noticed an ice beast
  3078 | D:5      | Killed an ice beast
  3078 | D:5      | Reached skill level 6 in Axes
  3084 | D:5      | Reached XP level 7. HP: 33/61 MP: 7/7
  3404 | D:5      | Found Baaqaz's Book Emporium.
  3871 | D:6      | Reached skill level 7 in Axes
  3887 | D:6      | Reached skill level 5 in Armour
  4063 | D:5      | Reached skill level 1 in Evocations
  4063 | D:5      | Reached XP level 8. HP: 39/69 MP: 8/8
  4323 | D:6      | Reached skill level 8 in Axes
  4494 | D:6      | Found a staircase to the Ecumenical Temple.
  4528 | D:6      | Noticed Prince Ribbit
  4540 | D:6      | Killed Prince Ribbit
  4621 | D:6      | Found a sparkling altar of Nemelex Xobeh.
  4622 | D:6      | Found a shattered altar of Ashenzari.
  4622 | D:6      | Found a shimmering altar of Xom.
  4626 | D:6      | Found a white marble altar of Elyvilon.
  4701 | D:6      | Reached skill level 9 in Axes
  4791 | D:7      | Noticed a hippogriff
  4799 | D:7      | Killed a hippogriff
  4799 | D:7      | Reached XP level 9. HP: 53/75 MP: 10/10
  5567 | Temple   | Entered the Ecumenical Temple
  5579 | Temple   | Became a worshipper of Warmaster Okawaru
  5694 | D:8      | Reached skill level 10 in Axes
  5699 | D:8      | Found a hazy altar of Hepliaklqana.
  5792 | D:8      | Noticed vuolankoinen's ghost (novice OpAs)
  5794 | D:8      | Noticed a death yak
  5803 | D:8      | Killed a death yak
  5803 | D:8      | Reached * piety under Okawaru
  5804 | D:8      | Killed vuolankoinen's ghost
  5804 | D:8      | Reached ** piety under Okawaru
  5804 | D:8      | Reached skill level 11 in Axes
  5804 | D:8      | Reached XP level 10. HP: 63/86 MP: 12/12
  6060 | D:8      | Found a staircase to the Lair.
  6077 | D:8      | Noticed a death yak
  6077 | D:8      | Noticed a death yak
  6077 | D:8      | Noticed a death yak
  6078 | D:8      | Noticed a death yak
  6085 | D:8      | Killed a death yak
  6085 | D:8      | Reached *** piety under Okawaru
  6085 | D:8      | Reached skill level 12 in Axes
  6087 | D:8      | Killed a death yak
  6098 | D:8      | Killed a death yak
  6098 | D:8      | Reached **** piety under Okawaru
  6099 | D:8      | HP: 1/88 [death yak (19)]
  6100 | D:8      | Demolished by a death yak

Skill      XL: |  1  2  3  4  5  6  7  8  9 10 |
---------------+-------------------------------+-----
Fighting       | 4 5 6 7 |  7.9
Axes           | 3 4 5 6 7 9 11 12 | 12.7
Shields        | 4 5 6 7 |  7.9
Armour         | 4 5 7 |  7.9
Evocations     | 1 2 3 4 |  4.4
Dodging        | |  0.7
Stealth        | |  0.1

Action                   |  1- 3 |  4- 6 |  7- 9 | 10-12 || total
-------------------------+-------+-------+-------+-------++-------
Melee: War axe           |   109 |   192 |   281 |       ||   582
       Battleaxe         |       |       |    71 |    17 ||    88
Evoke: Wand              |       |       |       |     4 ||     4
  Use: Scroll            |     2 |     3 |     7 |       ||    12
       Potion            |       |     2 |     6 |     1 ||     9
  Eat: Bread ration      |       |     3 |       |     1 ||     4
       Fruit             |       |       |     2 |       ||     2
       Royal jelly       |       |       |     1 |       ||     1
Armor: Plate armour      |    77 |   120 |   234 |     4 ||   435
       Skin              |       |       |     3 |       ||     3
Dodge: Dodged            |    20 |    24 |    89 |     3 ||   136
Block: Shield            |    59 |   116 |   163 |       ||   338
